| TOP OF THE 1ST |
|
Oklahoma City 89ers batting - Pitching for Denver Bears : RHP Jorge Rivera
|
|
Pitching: RHP Jorge Rivera
|
|
|
Batting: RHB David Green
|
0-0: Reached on error, E6 (Groundball, 6M, EV 101.9 MPH)
|
|
Batting: RHB John Christensen
|
0-0: Ball David Green steals 2nd base 1-0: Called Strike 1-1: Swinging Strike 1-2: Ball 2-2: Foul Ball, location: 2F 2-2: SINGLE (Flyball, 78S, EV 91.3 MPH) David Green to third
|
|
Batting: LHB Tom O'Malley
|
0-0: Fly out, F5 (Popup, 5SF, EV 83.8 MPH)
|
|
Batting: RHB Glenn Braggs
|
0-0: Ball 1-0: Called Strike John Christensen steals 2nd base 1-1: Foul Ball, location: 2F 1-2: Strikes out swinging
|
|
Batting: RHB Cecil Fielder
|
0-0: Called Strike 0-1: Ball 1-1: Fly out, F3 (Popup, 3F, EV 67.5 MPH)
|
| Top of the 1st over - 0 runs, 1 hit, 1 error, 2 left on base; Oklahoma City 0 - Denver 0 |
| BOTTOM OF THE 1ST |
|
Denver Bears batting - Pitching for Oklahoma City 89ers : RHP Chris Whitt
|
|
Pitching: RHP Chris Whitt
|
|
|
Batting: LHB Dallas Williams
|
0-0: Ball 1-0: Ball 2-0: Ground out 1-3 (Groundball, 15S, EV 63.8 MPH)
|
|
Batting: RHB Adolfo Feliz
|
0-0: Ball 1-0: DOUBLE (Line Drive, 7LM, EV 107.5 MPH)
|
|
Batting: LHB Danny Heep
|
0-0: Ball 1-0: Ball 2-0: Called Strike 2-1: Called Strike 2-2: Strikes out swinging, 2-3 out at first.
|
|
Batting: LHB Tom Beyers
|
0-0: Ball 1-0: Ball 2-0: Ball 3-0: Called Strike 3-1: Called Strike 3-2: Foul Ball, location: 2F 3-2: Foul Ball, location: 2F 3-2: SINGLE (Line Drive, 8LS, EV 88.1 MPH) Adolfo Feliz to third Adolfo Feliz scores
|
|
Batting: LHB Larry Donofrio
|
0-0: Fly out, F9 (Flyball, 9LS, EV 85.0 MPH)
|
| Bottom of the 1st over - 1 run, 2 hits, 0 errors, 1 left on base; Oklahoma City 0 - Denver 1 |
| TOP OF THE 2ND |
|
Oklahoma City 89ers batting - Pitching for Denver Bears : RHP Jorge Rivera
|
|
Batting: RHB Nick Esasky
|
0-0: Ball 1-0: Ball 2-0: Called Strike 2-1: Ball 3-1: Base on Balls
|
|
Batting: RHB Joe Redfield
|
0-0: Called Strike 0-1: Called Strike 0-2: Fly out, F5 (Popup, 5SF, EV 76.3 MPH)
|
|
Batting: RHB Tim Tolman
|
0-0: Called Strike Nick Esasky steals 2nd base 0-1: Fly out, F6 (Line Drive, 6, EV 71.9 MPH)
|
|
Batting: RHB Robert Bailey
|
0-0: Ground out 6-3 (Groundball, 6, EV 104.4 MPH)
|
| Top of the 2nd over - 0 runs, 0 hits, 0 errors, 1 left on base; Oklahoma City 0 - Denver 1 |
| BOTTOM OF THE 2ND |
|
Denver Bears batting - Pitching for Oklahoma City 89ers : RHP Chris Whitt
|
|
Batting: RHB Francis McCann
|
0-0: Ground out 5-3 (Groundball, 5, EV 85.0 MPH)
|
|
Batting: RHB Gomez Barahona
|
0-0: Ball 1-0: Called Strike 1-1: Foul Ball, location: 2F 1-2: Ball 2-2: Ground out 5-3 (Groundball, 56, EV 88.8 MPH)
|
|
Batting: LHB Jesus Figueroa
|
0-0: Called Strike 0-1: Called Strike 0-2: Foul Ball, location: 2F 0-2: Ball 1-2: Strikes out swinging
|
| Bottom of the 2nd over - 0 runs, 0 hits, 0 errors, 0 left on base; Oklahoma City 0 - Denver 1 |
| TOP OF THE 3RD |
|
Oklahoma City 89ers batting - Pitching for Denver Bears : RHP Jorge Rivera
|
|
Batting: RHB David Green
|
0-0: Ball 1-0: Ball 2-0: Ball 3-0: Called Strike 3-1: Base on Balls
|
|
Batting: RHB John Christensen
|
0-0: Ball 1-0: Called Strike 1-1: Ball 2-1: Foul Ball, location: 2F 2-2: Grounds into double play, 5-4-3 (Groundball, 56, EV 85.6 MPH)
|
|
Batting: LHB Tom O'Malley
|
0-0: Ball 1-0: Ball 2-0: Ball 3-0: Called Strike 3-1: SINGLE (Line Drive, 4M, EV 95.6 MPH)
|
|
Batting: RHB Glenn Braggs
|
0-0: Ball 1-0: SINGLE (Groundball, 6MD, EV 103.1 MPH) Tom O'Malley to second Runner from 2nd tries for 3rd, SAFE, no throw by CF
|
|
Batting: RHB Cecil Fielder
|
0-0: Ball 1-0: Fielders Choice at 2nd, 5-4 (Groundball, 56, EV 81.3 MPH)
|
| Top of the 3rd over - 0 runs, 2 hits, 0 errors, 2 left on base; Oklahoma City 0 - Denver 1 |
| BOTTOM OF THE 3RD |
|
Denver Bears batting - Pitching for Oklahoma City 89ers : RHP Chris Whitt
|
|
Batting: RHB Glenn Hoffman
|
0-0: Ball 1-0: Ball 2-0: Ball 3-0: Base on Balls
|
|
Batting: LHB Dallas Williams
|
0-0: Called Strike 0-1: Ball 1-1: Swinging Strike 1-2: SINGLE (Groundball, 4M, EV 81.9 MPH) (infield hit) Glenn Hoffman to second
|
|
Batting: RHB Adolfo Feliz
|
0-0: Called Strike 0-1: Ball 1-1: Foul Ball, location: 2F 1-2: SINGLE (Line Drive, 89S, EV 106.9 MPH) Glenn Hoffman to third Dallas Williams to second Runner from 3rd tries for Home, throw by RF and OUT! 9-2
|
|
Batting: LHB Danny Heep
|
0-0: Fly out, F8 (Line Drive, 8RM, EV 99.4 MPH)
|
|
Batting: LHB Tom Beyers
|
0-0: Fly out, F6 (Popup, 6M, EV 57.5 MPH)
|
| Bottom of the 3rd over - 0 runs, 2 hits, 0 errors, 2 left on base; Oklahoma City 0 - Denver 1 |
| TOP OF THE 4TH |
|
Oklahoma City 89ers batting - Pitching for Denver Bears : RHP Jorge Rivera
|
|
Batting: RHB Nick Esasky
|
0-0: Ground out 6-3 (Groundball, 6, EV 85.0 MPH)
|
|
Batting: RHB Joe Redfield
|
0-0: Foul Ball, location: 2F 0-1: Foul Ball, location: 2F 0-2: Strikes out swinging
|
|
Batting: RHB Tim Tolman
|
0-0: Ball 1-0: SINGLE (Line Drive, 8RS, EV 105.0 MPH)
|
|
Batting: RHB Robert Bailey
|
0-0: Ball Tim Tolman steals 2nd base 1-0: Foul Ball, location: 2F 1-1: Ground out 6-3 (Groundball, 56, EV 100.6 MPH)
|
| Top of the 4th over - 0 runs, 1 hit, 0 errors, 1 left on base; Oklahoma City 0 - Denver 1 |
| BOTTOM OF THE 4TH |
|
Denver Bears batting - Pitching for Oklahoma City 89ers : RHP Chris Whitt
|
|
Batting: LHB Larry Donofrio
|
0-0: Foul Ball, location: 2F 0-1: Ball 1-1: Ball 2-1: Foul Ball, location: 2F 2-2: Ball 3-2: Foul Ball, location: 2F 3-2: Base on Balls
|
|
Batting: RHB Francis McCann
|
0-0: Ball Pickoff Throw to First - Out! 1-3 1-0: Swinging Strike 1-1: SINGLE (Line Drive, 34, EV 95.0 MPH)
|
|
Batting: RHB Gomez Barahona
|
0-0: Ball 1-0: Called Strike 1-1: Ball 2-1: Ball 3-1: Grounds into double play, 5-4-3 (Groundball, 5, EV 77.5 MPH)
|
| Bottom of the 4th over - 0 runs, 1 hit, 0 errors, 0 left on base; Oklahoma City 0 - Denver 1 |
| TOP OF THE 5TH |
|
Oklahoma City 89ers batting - Pitching for Denver Bears : RHP Jorge Rivera
|
|
Batting: RHB David Green
|
0-0: Called Strike 0-1: Ball 1-1: Ball 2-1: Ball 3-1: Base on Balls
|
|
Batting: RHB John Christensen
|
0-0: Called Strike 0-1: Ball 1-1: Ball 2-1: Ball 3-1: Foul Ball, location: 2F 3-2: 2-RUN HOME RUN (Line Drive, 7D, EV 95.6 MPH), Distance : 374 ft
|
|
Batting: LHB Tom O'Malley
|
0-0: Called Strike 0-1: Foul Ball, location: 2F 0-2: Fly out, F6 (Flyball, 56D, EV 88.8 MPH)
|
|
Batting: RHB Glenn Braggs
|
0-0: Ball 1-0: Swinging Strike 1-1: Swinging Strike 1-2: Foul Ball, location: 2F 1-2: Ball 2-2: Ball 3-2: Foul Ball, location: 2F 3-2: Foul Ball, location: 2F 3-2: Strikes out looking
|
|
Batting: RHB Cecil Fielder
|
0-0: Ball 1-0: Called Strike 1-1: Ground out U3 (Groundball, 34, EV 107.5 MPH)
|
| Top of the 5th over - 2 runs, 1 hit, 0 errors, 0 left on base; Oklahoma City 2 - Denver 1 |
| BOTTOM OF THE 5TH |
|
Denver Bears batting - Pitching for Oklahoma City 89ers : RHP Chris Whitt
|
|
Batting: LHB Jesus Figueroa
|
0-0: Swinging Strike 0-1: Swinging Strike 0-2: Ball 1-2: Strikes out swinging
|
|
Batting: RHB Glenn Hoffman
|
0-0: Ball 1-0: Fly out, F3 (Popup, 23F, EV 93.1 MPH)
|
|
Batting: LHB Dallas Williams
|
0-0: Foul Ball, location: 2F 0-1: Called Strike 0-2: Foul Ball, location: 2F 0-2: Ball 1-2: Fly out, F7 (Line Drive, 7, EV 83.8 MPH)
|
| Bottom of the 5th over - 0 runs, 0 hits, 0 errors, 0 left on base; Oklahoma City 2 - Denver 1 |
| TOP OF THE 6TH |
|
Oklahoma City 89ers batting - Pitching for Denver Bears : RHP Jorge Rivera
|
|
Batting: RHB Nick Esasky
|
0-0: Called Strike 0-1: Called Strike 0-2: Ball 1-2: Strikes out looking
|
|
Batting: RHB Joe Redfield
|
0-0: Called Strike 0-1: Called Strike 0-2: Ball 1-2: Ball 2-2: Strikes out looking
|
|
Batting: RHB Tim Tolman
|
0-0: Ball 1-0: Ball 2-0: Called Strike 2-1: Swinging Strike 2-2: Ground out 6-3 (Groundball, 6, EV 89.4 MPH)
|
| Top of the 6th over - 0 runs, 0 hits, 0 errors, 0 left on base; Oklahoma City 2 - Denver 1 |
| BOTTOM OF THE 6TH |
|
Denver Bears batting - Pitching for Oklahoma City 89ers : RHP Chris Whitt
|
|
Batting: RHB Adolfo Feliz
|
0-0: Ball 1-0: Called Strike 1-1: SOLO HOME RUN (Flyball, 7LD, EV 96.9 MPH), Distance : 364 ft
|
|
Batting: LHB Danny Heep
|
0-0: Ball 1-0: Ball 2-0: Called Strike 2-1: Ball 3-1: Foul Ball, location: 2F 3-2: Base on Balls
|
|
Batting: LHB Tom Beyers
|
0-0: Ball 1-0: Foul Ball, location: 2F 1-1: Ball 2-1: Ball 3-1: Foul Ball, location: 2F 3-2: Ground out 5-3 (Groundball, 56S, EV 90.0 MPH) Danny Heep to second
|
|
Batting: LHB Larry Donofrio
|
0-0: Intentional Walk
|
|
Pinch Runner at 2nd Victor Woods:
|
|
|
Batting: RHB Francis McCann
|
0-0: Ball 1-0: Foul Ball, location: 2F 1-1: Ball 2-1: Foul Ball, location: 2F 2-2: Ball 3-2: Foul Ball, location: 2F 3-2: Base on Balls Victor Woods to third Larry Donofrio to second
|
|
Batting: RHB Gomez Barahona
|
0-0: SINGLE (Groundball, 6, EV 96.3 MPH) Victor Woods scores Larry Donofrio to third Francis McCann to second
|
|
Batting: LHB Jesus Figueroa
|
0-0: Ball 1-0: Foul Ball, location: 2F 1-1: Ball 2-1: SINGLE (Groundball, 56, EV 94.4 MPH) Larry Donofrio scores Francis McCann to third Gomez Barahona to second Runner from 3rd tries for Home, SAFE, throw by LF to home
|
|
Pitching: RHP Vicente Prieto
|
|
|
Batting: RHB Glenn Hoffman
|
0-0: Ball Gomez Barahona is caught stealing 3rd base 2-5 1-0: Called Strike 1-1: Foul Ball, location: 2F 1-2: Fly out, F7 (Line Drive, 7, EV 98.1 MPH)
|
| Bottom of the 6th over - 4 runs, 3 hits, 0 errors, 1 left on base; Oklahoma City 2 - Denver 5 |
| TOP OF THE 7TH |
|
Oklahoma City 89ers batting - Pitching for Denver Bears : RHP Jorge Rivera
|
|
Batting: RHB Robert Bailey
|
0-0: Ball 1-0: Fly out, F6 (Popup, 6M, EV 57.5 MPH)
|
|
Batting: RHB David Green
|
0-0: Called Strike 0-1: Foul Ball, location: 2F 0-2: Ball 1-2: Strikes out looking
|
|
Batting: RHB John Christensen
|
0-0: Ball 1-0: Ball 2-0: Fly out, F8 (Flyball, 89D, EV 103.8 MPH)
|
| Top of the 7th over - 0 runs, 0 hits, 0 errors, 0 left on base; Oklahoma City 2 - Denver 5 |
| BOTTOM OF THE 7TH |
|
Denver Bears batting - Pitching for Oklahoma City 89ers : RHP Vicente Prieto
|
|
Batting: LHB Dallas Williams
|
0-0: Ball 1-0: Called Strike 1-1: Called Strike 1-2: Ball 2-2: Fly out, F9 (Flyball, 89D, EV 87.5 MPH)
|
|
Batting: RHB Adolfo Feliz
|
0-0: Called Strike 0-1: Fly out, F8 (Flyball, 89D, EV 96.9 MPH)
|
|
Batting: RHB Victor Woods
|
0-0: Ball 1-0: Fly out, F8 (Line Drive, 8RM, EV 100.0 MPH)
|
| Bottom of the 7th over - 0 runs, 0 hits, 0 errors, 0 left on base; Oklahoma City 2 - Denver 5 |
| TOP OF THE 8TH |
|
Oklahoma City 89ers batting - Pitching for Denver Bears : RHP Jorge Rivera
|
|
Batting: LHB Tom O'Malley
|
0-0: Called Strike 0-1: Foul Ball, location: 2F 0-2: SINGLE (Line Drive, 9S, EV 107.5 MPH)
|
|
Batting: RHB Glenn Braggs
|
0-0: Ball 1-0: Swinging Strike 1-1: Ball 2-1: Called Strike 2-2: Ball 3-2: Foul Ball, location: 2F 3-2: Foul Ball, location: 2F 3-2: Base on Balls Tom O'Malley to second
|
|
Batting: RHB Cecil Fielder
|
0-0: Fly out, F8 (Flyball, 8RD, EV 101.9 MPH)
|
|
Batting: RHB Nick Esasky
|
0-0: Fly out, F7 (Flyball, 7LM, EV 84.4 MPH)
|
|
Batting: RHB Joe Redfield
|
0-0: Ball 1-0: Ball 2-0: Foul Ball, location: 2F 2-1: Swinging Strike 2-2: Ball 3-2: Foul Ball, location: 2F 3-2: Hit by Pitch Tom O'Malley to third Glenn Braggs to second
|
|
Batting: RHB Tim Tolman
|
0-0: Called Strike 0-1: Ball 1-1: Ball 2-1: Ball 3-1: Base on Balls Tom O'Malley scores Glenn Braggs to third Joe Redfield to second
|
|
Batting: RHB Robert Bailey
|
0-0: Called Strike 0-1: Ball 1-1: Ground out 6-3 (Groundball, 6M, EV 96.3 MPH)
|
| Top of the 8th over - 1 run, 1 hit, 0 errors, 3 left on base; Oklahoma City 3 - Denver 5 |
| BOTTOM OF THE 8TH |
|
Denver Bears batting - Pitching for Oklahoma City 89ers : RHP Vicente Prieto
|
|
Batting: LHB Tom Beyers
|
0-0: Ball 1-0: Ball 2-0: Ball 3-0: Foul Ball, location: 2F 3-1: Foul Ball, location: 2F 3-2: Base on Balls
|
|
Batting: LHB Larry Donofrio
|
0-0: Ball 1-0: Ball 2-0: Called Strike 2-1: Foul Ball, location: 2F 2-2: Ball 3-2: Strikes out swinging Tom Beyers steals 2nd base Batter strikes out.
|
|
Batting: RHB Francis McCann
|
0-0: Intentional Walk
|
|
Batting: RHB Gomez Barahona
|
0-0: Ball 1-0: Ball 2-0: Grounds into double play, 6-4-3 (Groundball, 6, EV 91.9 MPH)
|
| Bottom of the 8th over - 0 runs, 0 hits, 0 errors, 1 left on base; Oklahoma City 3 - Denver 5 |
| TOP OF THE 9TH |
|
Oklahoma City 89ers batting - Pitching for Denver Bears : RHP Jorge Rivera
|
|
Pitching: LHP Jake Zorbas
|
|
|
Now at 1B: Frank Lucy
|
|
|
Batting: RHB David Green
|
0-0: Foul Ball, location: 2F 0-1: Ball 1-1: Ball 2-1: Ball 3-1: Called Strike 3-2: Foul Ball, location: 2F 3-2: Base on Balls
|
|
Batting: RHB John Christensen
|
0-0: Swinging Strike 0-1: Fielders Choice at 2nd, 5-4 (Groundball, 56, EV 83.1 MPH)
|
|
Batting: LHB Tom O'Malley
|
0-0: Ball 1-0: Called Strike Balk! John Christensen to second 1-1: Foul Ball, location: 2F 1-2: Fly out, F6 (Line Drive, 6, EV 66.3 MPH)
|
|
Batting: RHB Glenn Braggs
|
0-0: Called Strike 0-1: Ball 1-1: Ball 2-1: DOUBLE (Line Drive, 78D, EV 105.6 MPH) John Christensen scores
|
|
Batting: RHB Cecil Fielder
|
0-0: Ball 1-0: Ball 2-0: Ball 3-0: Base on Balls
|
|
Batting: RHB Nick Esasky
|
0-0: TRIPLE (Line Drive, 78XD, EV 108.8 MPH) Glenn Braggs scores Cecil Fielder scores
|
|
Batting: RHB Joe Redfield
|
0-0: Ball 1-0: Ball 2-0: Ground out 6-3 (Groundball, 6, EV 86.9 MPH)
|
| Top of the 9th over - 3 runs, 2 hits, 0 errors, 1 left on base; Oklahoma City 6 - Denver 5 |
| BOTTOM OF THE 9TH |
|
Denver Bears batting - Pitching for Oklahoma City 89ers : RHP Vicente Prieto
|
|
Pitching: RHP Ernie Camacho
|
|
|
Now in CF: Ron Tingley
|
|
|
Pinch Hitting: LHB Terry Francona
|
0-0: Called Strike 0-1: Ball 1-1: Ball 2-1: Called Strike 2-2: Foul Ball, location: 2F 2-2: Ground out 4-3 (Groundball, 4, EV 81.9 MPH)
|
|
Pinch Hitting: RHB George A Bell
|
0-0: Ball 1-0: Ground out 6-3 (Groundball, 6, EV 90.6 MPH)
|
|
Batting: LHB Dallas Williams
|
0-0: SINGLE (Groundball, 4MD, EV 95.0 MPH)
|
|
Batting: RHB Adolfo Feliz
|
0-0: Called Strike 0-1: Called Strike 0-2: Ball 1-2: Strikes out looking
|
| Bottom of the 9th over - 0 runs, 1 hit, 0 errors, 1 left on base; Oklahoma City 6 - Denver 5 |
|